 Dungeon Crawl Stone Soup version 0.29.0-4-gdea44cf6ec (webtiles) character file.

Game seed: 5648119097342877639

86 qw the Chopper (level 4, -3/39 HPs)
             Began as a Minotaur Fighter on Sept 6, 2022.
             Slain by an orc
             ... wielding a +0 club
              (4 damage)
             ... on level 3 of the Dungeon.
             The game lasted 00:00:39 (1304 turns).

qw the Chopper (Minotaur Fighter)                   Turns: 1304, Time: 00:00:40

Health: -3/39      AC:  8    Str: 23    XL:     4   Next: 26%
Magic:  3/3        EV: 10    Int:  5    God:
Gold:   87         SH:  0    Dex: 15    Spells: 3/3 levels left

rFire   . . .      SeeInvis .   Y - +1 war axe
rCold   . . .      Faith    .   c - +0 buckler
rNeg    + . .      Spirit   .   b - +0 scale mail
rPois   .          Reflect  .   (helmet restricted)
rElec   .          Harm     .   (no cloak)
rCorr   .          Rampage  .   l - +0 pair of gloves
Will    .....                   (no boots)
Stlth   ..........              (no amulet)
HPRegen 0.13/turn               i - +6 ring of dexterity
MPRegen 0.08/turn               h - ring of positive energy

@: confused
A: horns 2, retaliatory headbutt
a: no special abilities


You were on level 3 of the Dungeon.
You visited 1 branch of the dungeon, and saw 3 of its levels.

You collected 87 gold pieces.


Innate Abilities, Weirdness & Mutations

You have a pair of horns on your head.
You reflexively headbutt those who attack you in melee.


   Skills:
 - Level 3.6 Fighting
 + Level 5.0 Axes
 - Level 1.0 Throwing
 - Level 3.6 Armour
 - Level 1.2 Dodging
 - Level 3.6 Shields


You had 3 spell levels left.
You didn't know any spells.
Your spell library was empty.

Inventory:

Hand Weapons
 f - a +0 mace
 Y - a +1 war axe (weapon)
Missiles
 e - 3 boomerangs
 m - 2 javelins
 n - 5 silver javelins (quivered)
Armour
 b - a +0 scale mail (worn)
 c - a +0 buckler (worn)
 l - a +0 pair of gloves (worn)
Jewellery
 h - a ring of positive energy (right hand)
 i - a +6 ring of dexterity (left hand)
Potions
 a - a potion of attraction {unknown}
 d - 2 potions of might
 g - a potion of cancellation {unknown}
 j - a potion of flight {unknown}
 o - a potion of degeneration {unknown}

Dungeon Overview and Level Annotations

Branches:
Dungeon (3/15)

Altars:
Xom


Message History

You barely miss the orc. You headbutt the orc.
The orc is heavily wounded.
The orc hits you but does no damage.
You hit the orc.
The orc is severely wounded.
The orc hits you but does no damage.
The orc priest casts a cantrip, but nothing happens.
The orc priest begins to cast a cantrip, but forgets the words!
You closely miss something. Your headbutt misses something.
You hear some strange, mumbled words.
You are confused.
Something hits you.
You bump into the rock wall.
You hear some strange, mumbled words.
You are more confused.
You bump into the rock wall.
You bump into the rock wall.
The orc closely misses you.
You hit the orc. Your headbutt misses the orc.
The orc is severely wounded.
You hit the orc priest. The orc hits you but does no damage.
The orc priest hits you but does no damage.
You bump into the rock wall.
The orc barely misses you. The orc priest hits you with a +0 club.
You bump into the rock wall.
The orc hits you but does no damage.
The orc priest hits you but does no damage.
You bump into the rock wall.
The orc misses you.
The orc priest hits you but does no damage.
You hit the orc but do no damage.
The orc is severely wounded.
You hit the orc priest. The orc hits you but does no damage.
The orc priest hits you but does no damage.
The orc priest hits you with a +0 club. The orc hits you but does no damage.
You bump into the rock wall.
The orc priest hits you with a +0 club. The orc hits you with a +0 club.
You die...

##### #########
##...###.......# #
#.....##.#####.##### ##
#................... .#
#.....##.#..[....# # .#
##...###...#..>..##.##
.# ##)## ###..o#.#......
.# #.# ###@o{.....# .#
#.# ###.###### ## #.#
#)# # #####.### ... #
#.......# ..... #
#.###.>.# .......
###.###...# .........
............ +....)....+
###.#.#...####.........#


You could see an orc priest and an orc.

Vanquished Creatures
  An orc priest (D:3)
  An adder (D:2)
  A worm (D:2)
  An orc (D:3)
  8 ball pythons
  4 bats
  2 endoplasms
  3 giant cockroaches
  5 goblins
  3 hobgoblins
  6 kobolds
  A quokka (D:2)
  3 frilled lizards (D:1)
  5 rats
44 creatures vanquished.

Notes
Turn   | Place    | Note
-------+----------+-------------------------------------------
     0 | D:1      | qw the Minotaur Fighter began the quest for the Orb.
     0 | D:1      | Reached XP level 1. HP: 19/19 MP: 0/0
     0 | D:1      | 0 ||| qw: Version: 0.1-a-108-g9e35731
     0 | D:1      | 0 ||| qw: Game counter: 6197
     0 | D:1      | 0 ||| qw: Always use a shield: true
     0 | D:1      | 0 ||| qw: God list: Ru
     0 | D:1      | 0 ||| qw: Allow faded altars: false
     0 | D:1      | 0 ||| qw: Do Orc after D:15 true
     0 | D:1      | 0 ||| qw: Do second Lair branch before Depths: true
     0 | D:1      | 0 ||| qw: Lair rune preference: random
     0 | D:1      | 0 ||| qw: Plans: Normal
     0 | D:1      | 0 ||| PLANNING D:1-11
    11 | D:1      | Found a faded altar of an unknown god.
    42 | D:1      | 42 ||| Stepping ~*~*~tactically~*~*~ (stealth).
    44 | D:1      | 44 ||| Stepping ~*~*~tactically~*~*~ (stealth).
    54 | D:1      | Reached skill level 3 in Axes
    76 | D:1      | Reached XP level 2. HP: 26/26 MP: 1/1
   108 | D:1      | 108 ||| Stepping ~*~*~tactically~*~*~ (stealth).
   371 | D:1      | 371 ||| Stepping ~*~*~tactically~*~*~ (stealth).
   501 | D:1      | 501 ||| UPGRADING to +0 pair of gloves.
   506 | D:1      | 506 ||| UPGRADING to +6 ring of dexterity.
   507 | D:1      | 507 ||| READING scroll labelled KEWYIKL WIOWKI.
   508 | D:1      | 508 ||| READING scroll labelled EZAUDUYCVU.
   511 | D:1      | 511 ||| DRINKING 2 blue potions.
   512 | D:1      | 512 ||| DROPPING potion of brilliance.
   520 | D:2      | Found a shimmering altar of Xom.
   523 | D:2      | 523 ||| Stepping ~*~*~tactically~*~*~ (stealth).
   528 | D:2      | Reached skill level 1 in Dodging
   530 | D:2      | Reached XP level 3. HP: 31/31 MP: 2/2
   582 | D:2      | Reached skill level 4 in Axes
  1040 | D:2      | 1040 ||| UPGRADING to ring of positive energy.
  1041 | D:2      | 1041 ||| READING scroll labelled PEFROU YGAPREMN.
  1084 | D:3      | 1084 ||| Stepping ~*~*~tactically~*~*~ (stealth).
  1093 | D:3      | Reached skill level 1 in Throwing
  1280 | D:3      | 1280 ||| Stepping ~*~*~tactically~*~*~ (hiding).
  1288 | D:3      | HP: 7/31 [orc priest/+0 morningstar (7)]
  1290 | D:3      | Reached skill level 5 in Axes
  1290 | D:3      | Reached XP level 4. HP: 9/39 MP: 3/3
  1293 | D:3      | HP: 9/39 [something (1)]
  1300 | D:3      | HP: 7/39 [orc priest/+0 club (3)]
  1304 | D:3      | HP: 1/39 [orc priest/+0 club (3)]
  1304 | D:3      | Slain by an orc

Levels and vault maps discovered:
D:1:      lightli_arrival_chessboard, layout_basic,
          hellmonk_ecumenical_altar_heavens_door
D:2:      layout_rooms, basic_altar, minmay_ruptured
D:3:      layout_loops_corners

Skill      XL: |  1  2  3 |
---------------+----------+-----
Axes           | 3 5 |  5.0
Dodging        | 1 |  1.2
Throwing       | 1 |  1.0
Fighting       | |  3.6
Armour         | |  3.6
Shields        | |  3.6

Action                   |  1- 3 |  4- 6 || total
-------------------------+-------+-------++-------
Melee: War axe           |    47 |     5 ||    52
       Headbutt          |     5 |     1 ||     6
Throw: Boomerang         |    20 |       ||    20
       Javelin           |    28 |       ||    28
  Use: Scroll            |     3 |       ||     3
       Potion            |     1 |       ||     1
Armor: Scale mail        |    15 |    10 ||    25
Dodge: Dodged            |    13 |     3 ||    16
Block: Buckler           |    13 |       ||    13

Table legend:
 A = Non-vault XP
 B = Vault XP
 C = Vault XP percentage of total XP
 D = Non-vault monster count
 E = Vault monster count
 F = Vault count percentage of total count
                 A         B        C        D         E       F
            +---------+---------+-------+---------+---------+-------
      Total |     123 |       0 |   0.0 |      44 |       0 |   0.0
            +---------+---------+-------+---------+---------+-------
        D:1 |      26 |       0 |   0.0 |      17 |       0 |   0.0
        D:2 |      44 |       0 |   0.0 |      19 |       0 |   0.0
        D:3 |      53 |       0 |   0.0 |       8 |       0 |   0.0
            +---------+---------+-------+---------+---------+-------
